 Dungeon Crawl Stone Soup version 0.16-a0-3367-g7c1b4ff (webtiles) character file.

2310 sdynet the Quickloader (level 9, -4/45 (48) HPs)
             Began as a Kobold Hunter on Dec 31, 2014.
             Was a Believer of Pakellas.
             Slain by a yellow wasp (6 damage)
             ... on level 7 of the Dungeon.
             The game lasted 00:17:19 (5431 turns).

sdynet the Quickloader (Kobold Hunter)              Turns: 5431, Time: 00:17:19

HP:   -4/45 (48)    AC:  9    Str: 12    XL:     9   Next: 68%
MP:   3/20          EV: 16    Int: 11    God:    Pakellas [**....]
Gold: 314           SH:  0    Dex: 21    Spells: 0 memorised, 8 levels left

rFire  . . .     SeeInvis .     a - +0 short sword
rCold  + + .     Clarity  .     w - +0 scale mail
rNeg   . . .     SustAb   .     (no shield)
rPois  .         Gourm    .     k - +1 helmet
rElec  .         Spirit   .     (no cloak)
rCorr  .         Warding  .     (no gloves)
rMut   .         Stasis   .     (no boots)
MR     .....                    (no amulet)
Stlth  +.........               s - +5 ring of dexterity
                                i - ring of Satyriasis {rC++ EV+4}

@: slowed, very slow, not resistant to hostile enchantments, very unstealthy
A: blurry vision 1, carnivore 3, clever 1, weak 1
a: Minor Device Surge, Quick Charge, Renounce Religion


You were on level 7 of the Dungeon.
You worshipped Pakellas.
Pakellas was pleased with you.
You were full.

You visited 2 branches of the dungeon, and saw 8 of its levels.

You collected 314 gold pieces.

Inventory:

Hand weapons
 a - a +0 short sword (weapon)
 b - a +1 hand crossbow
Missiles
 c - 5 bolts
 y - 5 needles of confusion
Armour
 k - a +1 helmet (worn)
 w - a +0 scale mail (worn)
Jewellery
 i - the ring of Satyriasis (left hand) {rC++ EV+4}
   (You found it on level 4 of the Dungeon)

   [ring of evasion]

   It affects your evasion (+4).
   It greatly protects you from cold.
 s - a +5 ring of dexterity (right hand)
 t - an uncursed ring of ice
 u - an uncursed ring of protection from magic
Magical devices
 p - a wand of slowing (34)
 r - a wand of lightning (0)
Scrolls
 e - a scroll of remove curse
Potions
 d - a potion of brilliance {unknown}
 h - a potion of cancellation
Comestibles
 f - 2 meat rations
 n - a slice of pizza
 z - 2 beef jerkies


   Skills:
 - Level 2.1 Fighting
 + Level 10.5 Crossbows
 - Level 6.1 Throwing
 - Level 3.2 Armour
 - Level 2.4 Dodging
 - Level 1.3 Stealth
 + Level 8.9 Evocations


You had 8 spell levels left.
You didn't know any spells.

Dungeon Overview and Level Annotations

Branches:
Dungeon (7/15)             Temple (1/1) D:4

Altars:
Ashenzari
Cheibriados
Dithmenos
Elyvilon
Fedhas
Gozag
Kikubaaqudgha
Makhleb
Okawaru
Pakellas
Qazlal
Ru
Sif Muna
Trog
Vehumet
Xom
Yredelemnul
The Shining One

Annotations:
D:6 Prince Ribbit
D:7 Joseph


Innate Abilities, Weirdness & Mutations

You are small and have problems with some larger weapons.
You are carnivorous and can eat meat at any time.
Scrolls take you a little longer to read.
Your mind is acute. (Int +2)
You are weak. (Str -2)


Message History

Evoking this partially-identified wand wasted a few charges.
Your skill with magical items lets you calculate the power of this device...
This wand has 34 charges left.
You feel yourself speed up. The yellow wasp stings you.
* * * LOW HITPOINT WARNING * * *
You feel yourself slow down.
The jackal bites you but does no damage.
The yellow wasp barely misses you. The jackal misses you.
An adder comes into view.
You hit Joseph.
Joseph is lightly wounded.
The yellow wasp stings you.
* * * LOW HITPOINT WARNING * * *
You feel as though you will be slow longer.
The jackal misses you.
Joseph unwields an uncursed hunting sling.
Joseph wields an uncursed quarterstaff.
Joseph closely misses you. The yellow wasp stings you.
You die...

. # .. ##.####
.# ....... .#
....... S###
........####...#
....s...((.s...#
........##yh@###
....>.@ ##@.#
....... #...#
(...... ##....#
###### .....#
....## #####


You could see Joseph, a yellow wasp, a scorpion, an adder and a jackal.

Vanquished Creatures
  Grinder (D:6)
  The ghost of SharpStick the Cutter, an average KoAr of Pakellas (D:4)
  A deep elf mage (D:6)
  2 ice beasts (D:5)
  A phantom (D:4)
  A black bear (D:6)
  An orc warrior (D:6)
  3 ogres
  Sigmund (D:2)
  A giant frog (D:6)
  A scorpion (D:5)
  2 crimson imps
  A hound (D:3)
  A jelly (D:6)
  A giant frog zombie (D:6)
  3 orc priests
  2 giant frog skeletons (D:5)
  3 orc wizards
  A centaur skeleton (D:4)
  6 worker ants
  2 hound skeletons (D:6)
  2 hound zombies (D:6)
  A gnoll (D:5)
  8 adders
  3 worms
  5 giant geckos
  3 oozes
  20 orcs
  9 bats
  A bat skeleton (D:5)
  5 giant cockroaches
  12 hobgoblins
  16 jackals
  17 kobolds
  5 quokkas
  A ball python (D:4)
  2 giant newts
  14 goblins
  A quokka zombie (D:6)
  11 rats
  3 rat zombies (D:2)
175 creatures vanquished.

Notes
Turn   | Place    | Note
--------------------------------------------------------------
     0 | D:1      | sdynet, the Kobold Hunter, began the quest for the Orb.
     0 | D:1      | Reached XP level 1. HP: 12/12 MP: 1/1
    18 | D:1      | Reached skill level 5 in Crossbows
    75 | D:1      | Reached skill level 1 in Throwing
   152 | D:1      | Reached XP level 2. HP: 17/17 MP: 2/2
   658 | D:2      | Found a radiant altar of Vehumet.
   661 | D:2      | Reached XP level 3. HP: 21/21 MP: 3/3
   666 | D:2      | Noticed Sigmund
   679 | D:2      | Killed Sigmund
   679 | D:2      | Reached skill level 5 in Throwing
   679 | D:2      | Reached XP level 4. HP: 7/26 MP: 4/4
   734 | D:2      | Reached XP level 5. HP: 13/30 MP: 5/5
  1183 | D:2      | Found an ancient bone altar of Kikubaaqudgha.
  1319 | D:3      | Reached skill level 6 in Throwing
  1468 | D:3      | Reached XP level 6. HP: 28/35 MP: 6/6
  1929 | D:3      | Found a burning altar of Makhleb.
  2061 | D:3      | Found a glowing golden altar of the Shining One.
  2257 | D:4      | Reached skill level 7 in Crossbows
  2401 | D:4      | Reached XP level 7. HP: 40/40 MP: 7/7
  2459 | D:4      | Reached skill level 8 in Crossbows
  2471 | D:4      | Found a staircase to the Ecumenical Temple.
  2488 | D:4      | HP: 2/40 [orc priest/divine providence (9)]
  2512 | Temple   | Entered the Ecumenical Temple
  2563 | Temple   | Became a worshipper of Pakellas the Inventive
  2712 | D:4      | Reached skill level 1 in Evocations
  2777 | D:4      | Noticed SharpStick's ghost (average KoAr)
  2789 | D:4      | Killed SharpStick's ghost
  2893 | D:4      | Got a crude tin ring
  2895 | D:4      | Identified the ring of Satyriasis {rC++ EV+4} (You found it on level 4 of the Dungeon)
  2974 | D:4      | Reached XP level 8. HP: 36/44 MP: 12/12
  3054 | D:4      | Reached skill level 9 in Crossbows
  3220 | D:4      | Found a shattered altar of Ashenzari.
  3377 | D:5      | Entered Level 5 of the Dungeon
  3622 | D:5      | Acquired Pakellas' first power
  3672 | D:5      | Reached skill level 5 in Evocations
  3814 | D:5      | Reached skill level 10 in Crossbows
  4052 | D:5      | Reached skill level 1 in Armour
  4113 | D:6      | Found an iron altar of Okawaru.
  4152 | D:6      | Reached XP level 9. HP: 48/48 MP: 18/18
  4211 | D:6      | Gained mutation: Scrolls take you a little longer to read. [potion of mutation]
  4211 | D:6      | Gained mutation: Your mind is acute. (Int +2) [potion of mutation]
  4211 | D:6      | Gained mutation: You are weak. (Str -2) [potion of mutation]
  4329 | D:6      | Noticed Prince Ribbit
  4347 | D:6      | Acquired Pakellas' second power
  4361 | D:6      | HP: 2/45 [orc priest/hand axe of flaming (1)]
  4372 | D:6      | HP: 2/45 [orc priest/divine providence (9)]
  4386 | D:6      | HP: 2/45 [Prince Ribbit (13)]
  4956 | D:6      | Noticed Grinder
  4957 | D:6      | Paralysed by Grinder for 4 turns
  4965 | D:6      | Killed Grinder
  5055 | D:7      | Noticed Joseph
  5431 | D:7      | HP: 2/45 [yellow wasp (1)]
  5431 | D:7      | Slain by a yellow wasp

Action                   |  1- 3 |  4- 6 |  7- 9 || total
-------------------------+-------+-------+-------++-------
Melee: Short sword       |       |    17 |    49 ||    66
       Unarmed           |       |       |    15 ||    15
 Fire: Hand crossbow     |    51 |   157 |   357 ||   565
Invok: Quick Charge      |       |       |     1 ||     1
Evoke: Wand              |       |       |    15 ||    15
  Use: Scroll            |       |       |    10 ||    10
       Potion            |       |       |    15 ||    15
 Stab: Sleeping          |       |       |     1 ||     1
  Eat: Chunk             |       |    10 |     8 ||    18
